Map: Ruins of Seras

Players

Solar - Winner!

  • Race: Zerg Zerg

puCK (Nina)

  • Race: Protoss Protoss
  • League: Grandmaster

Event: Root's WW3

VOD

Have the link to the VOD?

Description

Time

  • Played on: Dec. 12, 2015, 4:43 a.m.
  • Length: 5:16

All games in this series

Show
View Real Time Build Order
Export as new Build Order

Solar Zerg - Winner!

Build Orders: Pool First 

Get SALT Encoding   

  12  0:00  Drone  
  13  0:15  Extractor  
  12  0:25  Spawning Pool  
  11  0:28  Drone  
  11  0:34  Drone  
  13  0:38  Drone  
  14  0:50  Overlord  
  14  1:12  Zergling x2  
  14  1:13  Zergling x4  
  17  1:18  Metabolic Boost  
  17  1:23  Zergling x2  
  18  1:29  Queen  
  20  1:34  Zergling x2  
  21  1:45  Overlord  
  21  1:57  Zergling x2  
  22  2:09  Hatchery  
  22  2:12  Zergling x2  
  22  2:18  Zergling x2  
  23  2:28  Zergling x2  
  24  2:44  Overlord  
  24  2:46  Zergling x6  
  27  3:00  Zergling x2  
  27  3:09  Zergling x2  
  28  3:19  Zergling x2  
  29  3:20  Zergling x6  
  29  3:23  Queen, Zergling x2  
  33  3:35  Zergling x4  
  35  3:46  Zergling x4  
  35  3:50  Zergling x6  
  37  3:58  Zergling x4  
  39  4:10  Zergling x4  
  38  4:17  Zergling x2  
  38  4:18  Zergling x2  
  38  4:23  Zergling x4  
  40  4:29  Zergling x2  
  40  4:30  Zergling x2  
  41  4:34  Zergling x2  
  41  4:41  Zergling x4  
  41  4:50  Zergling x2  
  41  4:51  Zergling x2  
Show
View Real Time Build Order
Export as new Build Order

puCK Protoss 

Build Orders: Nexus First 

Get SALT Encoding   

  12  0:01  Probe (Chrono Boost)  
  13  0:11  Probe (Chrono Boost)  
  14  0:18  Pylon  
  14  0:22  Probe (Chrono Boost)  
  15  0:36  Probe (Chrono Boost)  
  16  0:46  Probe (Chrono Boost)  
  17  0:58  Nexus  
  17  1:02  Probe (Chrono Boost)  
  18  1:13  Probe (Chrono Boost)  
  18  1:16  Gateway  
  19  1:20  Assimilator  
  19  1:24  Probe (Chrono Boost)  
  20  1:29  Assimilator  
  20  1:35  Probe (Chrono Boost)  
  21  1:43  Pylon  
  21  1:45  Probe (Chrono Boost)  
  22  1:56  Probe (Chrono Boost)  
  22  1:57  Gateway  
  23  2:06  Cybernetics Core  
  23  2:12  Zealot (Chrono Boost)  
  23  2:14  Probe  
  26  2:28  Pylon  
  25  2:31  Pylon  
  27  2:37  Zealot (Chrono Boost)  
  27  2:40  Mothership Core  
  29  2:51  Pylon  
  27  3:12  Sentry (Chrono Boost)  
  31  3:16  Sentry (Chrono Boost)  
  30  3:21  Warp Gate  
  30  3:26  Pylon  
  30  3:33  Probe  
  31  3:41  Pylon  
  30  3:50  Probe  
  30  3:51  Probe  
  32  4:01  Probe  
  32  4:02  Probe  
  34  4:11  Pylon  
  34  4:12  Probe  
  34  4:14  Probe  
  33  4:25  Gateway  
  33  4:27  Probe  
  33  4:28  Probe  
  35  4:32  Pylon  
  35  4:37  Gateway  
  35  4:38  Probe  
  31  4:47  Probe  
Tags
 
Add a new tag
Caveats
  • Supply blocks, unpowered buildings, or Contaminate may cause inaccurate times.
  • Supply counts are checked every 10 seconds.